 Dungeon Crawl Stone Soup version 0.26-a0-812-g31a745ddcd (webtiles) character file.

Game seed: 1007993508173968198

26938 tilp the Slinger (level 13, -15/88 HPs)
             Began as a Halfling Hunter on Nov 25, 2020.
             Was a High Priest of Okawaru.
             Demolished by a boulder beetle (31 damage)
             ... on level 13 of the Dungeon.
             The game lasted 00:45:21 (25659 turns).

tilp the Slinger (Halfling Hunter)                 Turns: 25659, Time: 00:45:21

Health: -15/88     AC: 17    Str: 16    XL:     13   Next: 62%
Magic:  19/19      EV:  8    Int:  9    God:    Okawaru [*****.]
Gold:   94         SH: 10    Dex: 17    Spells: 12/12 levels left

rFire    + + .     SeeInvis +   b - +4 hand axe (freeze)
rCold    . . .     Faith    +   K - +0 kite shield
rNeg     . . .     Spirit   .   I - +2 plate armour of Todugric {rElec rF+ SInv}
rPois    .         Reflect  .   (no helmet)
rElec    +         Harm     .   (no cloak)
rCorr    .         Rampage  .   (no gloves)
MR       .....                  r - +2 pair of boots
Stlth    ..........             P - amulet of faith
HPRegen  0.24/turn              h - ring of protection from cold
MPRegen  0.16/turn              B - ring of fire

@: no status effects
A: small, mutation resistance 1
a: Heroism, Finesse, Renounce Religion


You were on level 13 of the Dungeon.
You worshipped Okawaru.
Okawaru was extremely pleased with you.
You visited 3 branches of the dungeon, and saw 16 of its levels.
You also visited: Ossuary.

You collected 1669 gold pieces.
You spent 1575 gold pieces at shops.

Inventory:

Hand Weapons
 a - a +2 hunting sling
 b - a +4 hand axe of freezing (weapon)
 Q - a +3 morningstar of protection
Missiles
 d - 150 sling bullets
 e - 258 stones
 m - 3 throwing nets (quivered) {!f}
Armour
 i - a +0 chain mail of poison resistance
 o - a +3 scale mail of poison resistance
 r - a +2 pair of boots (worn)
 H - a +3 ring mail
 I - the +2 plate armour of Todugric (worn) {rElec rF+ SInv}
   (You bought it in a shop on level 2 of the Orcish Mines)

   It protects you from fire.
   It insulates you from electricity.
   It lets you see invisible.
 K - a +0 kite shield (worn)
 O - the +1 pair of gloves of Komang {rF- rN+++ rCorr Dex-2}
   (Okawaru gifted it to you on level 10 of the Dungeon)

   It affects your dexterity (-2).
   It makes you vulnerable to fire.
   It renders you almost immune to negative energy.
   It provides partial protection from all sources of acid and corrosion.
Jewellery
 h - a ring of protection from cold (left hand)
 B - a ring of fire (right hand)
 D - an uncursed amulet of the acrobat
 F - a +6 ring of intelligence
 P - an amulet of faith (around neck)
Wands
 y - a wand of polymorph (6)
 E - a wand of flame (36)
 L - a wand of iceblast (2)
Scrolls
 g - 7 scrolls of teleportation
 l - 3 scrolls of amnesia
 s - 2 scrolls of fear
 w - 6 scrolls of remove curse
 A - 3 scrolls of enchant weapon
 C - a scroll of magic mapping
 J - 4 scrolls of blinking
 N - a scroll of fog
Potions
 c - 3 potions of mutation
 f - 2 potions of might
 j - 5 potions of brilliance
 k - 2 potions of heal wounds
 n - a potion of cancellation
 p - a potion of ambrosia
 q - a potion of berserk rage
 t - 2 potions of flight
 u - a potion of resistance
 v - 9 potions of curing
 z - 3 potions of attraction


   Skills:
 - Level 8.0 Fighting
 + Level 11.9 Axes
 - Level 12.0 Slings
 - Level 5.0 Armour
 - Level 8.0 Dodging
 - Level 6.0 Stealth
 - Level 4.0 Shields
 - Level 8.0 Invocations
 - Level 8.0 Evocations


You had 12 spell levels left.
You didn't know any spells.
Your spell library contained the following spells:

 Spells                   Type           Power        Failure   Level
 Freeze                   Ice            #...         100%        1
 Frozen Ramparts          Ice            #.....       100%        3
 Ozocubu's Armour         Ice            #.......     100%        3
 Hailstorm                Conj/Ice       #.......     100%        4
 Summon Ice Beast         Ice/Summ       #.......     100%        4


Dungeon Overview and Level Annotations

Branches:
Dungeon (13/15)            Temple (0/1) D:5            Lair (1/6) D:11
    Orc (2/2) D:10            Elf (0/3) Orc:2       Ossuary (visited)
 Vaults: D:13-14

Altars:
Cheibriados
Dithmenos
Hepliaklqana
Kikubaaqudgha
Okawaru
Qazlal
Ru
Sif Muna
Trog
Wu Jian
The Shining One

Shops:
Orc:2 *[=(

Annotations:
D:11 exclusion: cyclops
D:12 1 runed translucent door (stone giant + skeletal warrior + acid dragon)
Lair:1 10 headed hydra (oops)


Innate Abilities, Weirdness & Mutations

You are small and have problems with some larger weapons.
You are somewhat resistant to further mutation.


Message History

You hit the boulder beetle but do no damage.
The boulder beetle is moderately wounded.
You completely miss the boulder beetle.
The boulder beetle is moderately wounded.
The boulder beetle bites you!!
You hit the boulder beetle but do no damage.
The boulder beetle is moderately wounded.
The boulder beetle blinks!
The boulder beetle waves its antennae.
The boulder beetle curls into a ball and begins rolling!
Unknown command.
The boulder beetle hits you!!
* * * LOW HITPOINT WARNING * * *
The boulder beetle stops rolling and uncurls.
Unknown command.
The boulder beetle blinks!
The boulder beetle curls into a ball and begins rolling!
There is a stone staircase leading up here.
The boulder beetle hits you!!
You die...

####.....##
####..........
####............. .# ##
#..†.#...........
..##....###............
.....#####.............
.#...###...........(..
#...#.............y.
#..@............##.
##.B#############
##.○## ##.○## ##.°##
##..## ##..# ##.##
##.##


You could see a boulder beetle.

Vanquished Creatures
  A centaur warrior (D:13)
  6 two-headed ogres
  An orc high priest (Orc:2)
  A swamp dragon (Orc:2)
  An unseen horror (D:12)
  3 orc sorcerers
  2 orc knights
  2 ugly things
  Joseph (D:7)
  A centaur skeleton (D:10)
  A cane toad (Lair:1)
  2 komodo dragons (D:11)
  6 trolls
  A hornet (D:10)
  5 slime creatures
  A vampire (D:10)
  A wyvern (D:12)
  14 yaks
  7 vampire mosquitoes
  A steam dragon (D:12)
  2 wargs (Orc:1)
  Duvessa (D:4)
  A water moccasin (D:10)
  4 sky beasts
  34 orc warriors
  5 black bears
  5 phantoms
  An eye of draining (D:11)
  2 ice beasts (D:6)
  A boggart (D:12)
  8 ogres
  A necrophage (D:10)
  11 centaurs
  2 big kobolds
  9 bullfrogs
  A wyvern zombie (D:13)
  A gnoll sergeant (D:11)
  3 scorpions
  Dowan (D:4)
  12 killer bees
  9 wights
  3 bullfrog zombies
  3 howler monkeys
  5 crimson imps (D:7)
  4 centaur zombies
  6 hounds
  3 jellies (D:7)
  A gnoll shaman (D:8)
  4 orc priests
  13 orc wizards
  Jessica (D:7)
  Ijyb (D:5)
  3 iguanas
  8 worker ants
  2 ogre zombies (Ossuary)
  A hound zombie (D:10)
  3 hound skeletons
  8 mummies
  3 worker ant zombies
  14 gnolls
  14 adders
  A howler monkey skeleton (D:10)
  3 shadow imps
  7 white imps
  2 oozes
  4 adder zombies (Ossuary)
  3 worms
  2 leopard geckos
  55 orcs
  A ball python (D:6)
  10 giant cockroaches
  A gnoll zombie (Ossuary)
  8 goblins
  11 hobgoblins
  13 jackals
  14 kobolds
  6 quokkas
  6 bats
  2 frilled lizards
  4 goblin zombies (Ossuary)
  7 hobgoblin zombies (Ossuary)
  A jackal zombie (D:5)
  A kobold zombie (Ossuary)
  A leopard gecko skeleton (D:5)
  A quokka zombie (Ossuary)
  6 rats
  7 rat zombies (Ossuary)
449 creatures vanquished.

Vanquished Creatures (others)
  A goblin (Orc:1)
  57 fungi (D:11)
  78 plants
136 creatures vanquished.

Grand Total: 585 creatures vanquished

Notes
Turn   | Place    | Note
-------+----------+-------------------------------------------
     0 | D:1      | tilp the Halfling Hunter began the quest for the Orb.
     0 | D:1      | Reached XP level 1. HP: 14/14 MP: 1/1
   115 | D:1      | Reached skill level 6 in Slings
   220 | D:1      | Reached XP level 2. HP: 19/19 MP: 2/2
   777 | D:2      | Reached skill level 7 in Slings
   777 | D:2      | Reached XP level 3. HP: 10/24 MP: 3/3
  1211 | D:2      | Found an iron altar of Okawaru.
  1244 | D:2      | Became a worshipper of Warmaster Okawaru
  1405 | D:2      | Reached XP level 4. HP: 29/29 MP: 4/4
  1537 | D:2      | Reached skill level 8 in Slings
  2159 | D:3      | Reached XP level 5. HP: 29/34 MP: 5/5
  2252 | D:3      | Found a bloodstained altar of Trog.
  3039 | D:4      | Found a sand-covered staircase.
  3044 | D:4      | Reached skill level 9 in Slings
  3051 | Ossuary  | Entered an ossuary
  3155 | Ossuary  | Reached XP level 6. HP: 32/39 MP: 6/6
  3235 | Ossuary  | Reached skill level 10 in Slings
  3422 | Ossuary  | Reached * piety under Okawaru
  3762 | Ossuary  | Reached skill level 11 in Slings
  3762 | Ossuary  | Reached XP level 7. HP: 44/44 MP: 7/7
  4325 | D:4      | Noticed Dowan
  4338 | D:4      | Killed Dowan
  4402 | D:4      | Noticed Duvessa
  4848 | D:4      | Killed Duvessa
  4848 | D:4      | Reached skill level 12 in Slings
  5193 | D:4      | Reached skill level 1 in Invocations
  5318 | D:4      | Reached ** piety under Okawaru
  5318 | D:4      | Reached XP level 8. HP: 40/50 MP: 7/9
  5614 | D:5      | Entered Level 5 of the Dungeon
  5667 | D:3      | Found a glowing golden altar of the Shining One.
  5773 | D:5      | Found a staircase to the Ecumenical Temple.
  6140 | D:5      | Found a shadowy altar of Dithmenos.
  6141 | D:5      | Found a hazy altar of Hepliaklqana.
  6153 | D:5      | Found an ornate altar of the Wu Jian Council.
  6153 | D:5      | Found a sacrificial altar of Ru.
  6428 | D:5      | Noticed Ijyb
  6439 | D:5      | Killed Ijyb
  6908 | D:6      | Found a stormy altar of Qazlal.
  7079 | D:6      | Found an ancient bone altar of Kikubaaqudgha.
  7283 | D:6      | Reached XP level 9. HP: 57/57 MP: 12/12
  7332 | D:6      | Reached skill level 5 in Invocations
  7528 | D:7      | Noticed Joseph
  7542 | D:7      | Killed Joseph
  7542 | D:7      | Reached *** piety under Okawaru
  7542 | D:7      | Reached skill level 5 in Dodging
  8123 | D:7      | Reached skill level 1 in Armour
  8123 | D:7      | Reached skill level 1 in Shields
  8320 | D:7      | Noticed Jessica
  8322 | D:7      | Killed Jessica
  8322 | D:7      | Reached skill level 1 in Evocations
  8342 | D:7      | Found a shimmering blue altar of Sif Muna.
  8584 | D:8      | Reached **** piety under Okawaru
  8612 | D:8      | Reached XP level 10. HP: 65/65 MP: 14/14
  8733 | D:8      | Received a gift from Okawaru
  8776 | D:8      | Found a snail-covered altar of Cheibriados.
  9050 | D:8      | Noticed a two-headed ogre
  9095 | D:8      | Killed a two-headed ogre
  9095 | D:8      | Reached skill level 5 in Stealth
  9312 | D:8      | Noticed a two-headed ogre
  9347 | D:8      | Killed a two-headed ogre
  9347 | D:8      | Reached skill level 5 in Fighting
  9805 | D:9      | Reached ***** piety under Okawaru
  9869 | D:9      | Noticed a two-headed ogre
  9883 | D:9      | Killed a two-headed ogre
  9883 | D:9      | Received a gift from Okawaru
 10031 | D:9      | Reached XP level 11. HP: 64/72 MP: 16/16
 10852 | D:10     | Entered Level 10 of the Dungeon
 10907 | D:10     | Received a gift from Okawaru
 11075 | D:10     | Reached skill level 5 in Evocations
 11194 | D:10     | You fall into a shaft and drop 1 floor!
 11433 | D:10     | Noticed a two-headed ogre
 11451 | D:10     | Killed a two-headed ogre
 11642 | D:10     | Found a staircase to the Orcish Mines.
 11727 | D:10     | Received a gift from Okawaru
 11732 | D:10     | Got a pair of distressingly furry gloves {god gift}
 11738 | D:10     | Identified the +1 pair of gloves of Komang {rF- rN+++ rCorr
                  | Dex-2} (Okawaru gifted it to you on level 10 of the
                  | Dungeon)
 12152 | D:10     | Reached skill level 5 in Armour
 12693 | D:11     | Noticed a cyclops
 12723 | D:11     | Noticed a two-headed ogre
 12724 | D:11     | Reached skill level 1 in Axes
 13158 | D:11     | Noticed a cyan ugly thing
 13164 | D:11     | Noticed a red ugly thing
 13452 | D:10     | Killed a cyan ugly thing
 13678 | D:11     | Killed a red ugly thing
 13678 | D:11     | Reached XP level 12. HP: 81/81 MP: 18/18
 13722 | D:11     | Killed a two-headed ogre
 14335 | D:11     | Found a staircase to the Lair.
 14457 | D:11     | Reached skill level 5 in Axes
 15105 | D:12     | Noticed a two-headed ogre
 15126 | D:12     | Killed a two-headed ogre
 15888 | D:11     | Received a gift from Okawaru
 16153 | D:12     | Received a gift from Okawaru
 16605 | D:12     | Found a runed translucent door.
 16611 | D:12     | Noticed a stone giant
 16780 | Lair:1   | Entered Level 1 of the Lair of Beasts
 16936 | Lair:1   | Noticed an eight-headed hydra
 17398 | Orc:1    | Entered Level 1 of the Orcish Mines
 17398 | Orc:1    | Found a bloodstained altar of Trog.
 17810 | Orc:2    | Entered Level 2 of the Orcish Mines
 18175 | Orc:1    | Received a gift from Okawaru
 18371 | Orc:2    | Noticed an orc high priest
 19334 | Orc:2    | Killed an orc high priest
 19334 | Orc:2    | Reached XP level 13. HP: 87/88 MP: 19/19
 19429 | Orc:2    | Found a staircase to the Elven Halls.
 19989 | Orc:2    | Reached skill level 10 in Axes
 20001 | Orc:1    | Received a gift from Okawaru
 23704 | Orc:2    | Received a gift from Okawaru
 24038 | Orc:1    | Received a gift from Okawaru
 24168 | Orc:1    | Found a bloodstained altar of Trog.
 24429 | Orc:2    | Noticed Snorg
 24481 | Orc:2    | Noticed Snorg
 24481 | Orc:2    | Snorg changed into Snorg the swamp dragon
 24485 | Orc:2    | Killed Snorg the swamp dragon
 24659 | Orc:2    | Found Vuabbag's Armour Shoppe.
 24659 | Orc:2    | Found Fane's Jewellery Boutique.
 24661 | Orc:2    | Found Akisump's Antique Weapon Shop.
 24663 | Orc:2    | Found Ygoatim's General Store.
 24675 | Orc:2    | Bought the +2 plate armour of Todugric {rElec rF+ SInv} for
                  | 698 gold pieces
 24678 | Orc:2    | Bought an uncursed amulet of faith for 640 gold pieces
 24680 | Orc:2    | Bought a runed morningstar for 147 gold pieces
 24685 | Orc:2    | Bought a scroll of blinking for 90 gold pieces
 24779 | D:13     | Noticed a catoblepas
 24779 | D:13     | Noticed a boulder beetle
 25283 | D:13     | Noticed a centaur warrior
 25303 | D:13     | Killed a centaur warrior
 25659 | D:13     | Demolished by a boulder beetle

Illustrated notes

Levels and vault maps discovered:
D:1:      moated_graveyard_arrival, layout_basic
D:2:      wad_lake_hut, layout_loops_ring, okawaru_altar_gauntlet_db
D:3:      layout_basic, nicolae_overflow_hidden_temple,
          overflow_temple_1_default
D:4:      layout_basic, gup_ossuary_entry_pyramid, uniq_duvessa
D:5:      layout_cave_pools, grunt_temple_overflow_cloverleaf, temple_doors_ab,
          uniq_ijyb
D:6:      layout_loops_ring, nicolae_overflow_crystal_walls, basic_altar
D:7:      layout_rooms, tgw_sif, minmay_nine_imps, uniq_joseph
D:8:      layout_basic, lemuel_round_altar, st_stairs_14
D:9:      layout_roguey
D:10:     layout_stronghold, david_orc_2
D:11:     layout_basic, due_lair_maze_entry_diamond
D:12:     layout_irregular_city, minivault_13
D:13:     layout_cave_pods, erik_vaults_2, serial_glass, glass_columns_b,
          glass_columns_a, glass_columns_a, glass_columns_a, glass_columns_b,
          glass_columns_b
Lair:1:   layout_small_grid, lemuel_fruit_fields
Orc:1:    layout_diamond_mine, basic_altar, trog_hazing_becter
Orc:2:    st_orc_rangers, layout_diamond_mine, uniq_snorg

Skill      XL: |  1  2  3  4  5  6  7  8  9 10 11 12 13 |
---------------+----------------------------------------+-----
Slings         | 6 7 8 9 11 12 | 12.0
Invocations    | 1 4 6 7 8 |  8.0
Fighting       | 2 3 4 5 7 8 |  8.0
Stealth        | 2 3 4 6 |  6.0
Dodging        | 4 6 7 8 |  8.0
Armour         | 1 3 5 |  5.0
Shields        | 1 3 4 |  4.0
Evocations     | 1 3 6 8 |  8.0
Axes           | 3 9 11 | 11.9

Action                   |  1- 3 |  4- 6 |  7- 9 | 10-12 | 13-15 || total
-------------------------+-------+-------+-------+-------+-------++-------
Melee: Short sword       |    23 |       |    56 |    94 |       ||   173
       Hand axe          |       |       |       |   342 |   293 ||   635
 Fire: Hunting sling     |    67 |   290 |   544 |   874 |   249 ||  2024
Invok: Heroism           |       |       |     3 |    15 |     8 ||    26
Evoke: Wand              |       |       |       |    10 |     8 ||    18
  Use: Scroll            |       |     8 |    14 |     8 |       ||    30
       Potion            |       |       |     3 |       |       ||     3
 Stab: Sleeping          |       |       |       |     2 |       ||     2
       Distracted        |       |       |       |       |     1 ||     1
Armor: Ring mail         |    16 |    20 |       |       |       ||    36
       Chain mail        |       |    28 |    16 |       |       ||    44
       Scale mail        |       |       |    81 |   185 |    44 ||   310
       Plate armour      |       |       |       |       |    48 ||    48
Dodge: Dodged            |    28 |    38 |   107 |   413 |   207 ||   793
Block: Kite shield       |       |       |    27 |   413 |   212 ||   652

Table legend: (Time is in decaauts)
 A = Elapsed time spent in this place.
 B = Non-inter-level travel time spent in this place.
 C = Inter-level travel time spent in this place.
 D = Time resting spent in this place.
 E = Time spent auto-exploring this place.
 F = Levels seen in this place.
 G = Mean time per level.
                   A        B        C        D        E       F      G
               +--------+--------+--------+--------+--------+-----+--------+
         Total |  24971 |  23733 |   1238 |   8360 |  10861 |  17 | 1468.9 |
       Dungeon |  17377 |  16333 |   1044 |   4870 |   8586 |  13 | 1336.7 |
          Lair |    314 |    288 |     26 |    104 |     19 |   1 |  314.0 |
  Orcish Mines |   6509 |   6341 |    168 |   3386 |   1679 |   2 | 3254.5 |
       Ossuary |    770 |    770 |      0 |      0 |    577 |   1 |  770.0 |
               +--------+--------+--------+--------+--------+-----+--------+

Top non-repeatable levels by time:
   Orc:1: 4127 daAuts
    D:10: 3241 daAuts
   Orc:2: 2381 daAuts
    D:12: 1914 daAuts
    D:11: 1846 daAuts
     D:4: 1483 daAuts
     D:2: 1463 daAuts
     D:8: 1315 daAuts
     D:9: 1293 daAuts
     D:3: 1139 daAuts
     D:5: 920 daAuts
     D:6: 834 daAuts
     D:7: 798 daAuts
 Ossuary: 770 daAuts
     D:1: 755 daAuts
